 Dungeon Crawl Stone Soup version 0.20.0-1-g1cb1d84 (webtiles) character file.

284 FakerFangirl the Cudgeler (level 6, -4/52 HPs)
             Began as a Draconian Fighter on May 26, 2017.
             Was a Believer of Cheibriados.
             Slain by a black bear (8 damage)
             ... on level 4 of the Dungeon.
             The game lasted 00:03:14 (3223 turns).

FakerFangirl the Cudgeler (Draconian Fighter)       Turns: 3223, Time: 00:03:14

Health: -4/52      AC:  6    Str: 23      XL:     6   Next: 7%
Magic:  6/6        EV: 11    Int: 13      God:    Cheibriados [**....]
Gold:   191        SH: 10    Dex: 17 (18) Spells: 5/5 levels left

rFire    . . .     SeeInvis .   Y - +1 flail
rCold    . . .     Gourm    .   b - +0 shield
rNeg     . . .     Faith    .   (armour unavailable)
rPois    .         Spirit   .   (helmet restricted)
rElec    .         Reflect  .   (no cloak)
rCorr    .         Harm     .   (no gloves)
MR       .....                  (no boots)
Stlth    +.........             l - amulet of regeneration
Regen    0.6/turn               (no ring)
MPRegen  0.1/turn               (no ring)

@: about to teleport, very slow
A: unfitting armour, hooves 1, deterioration 1, cold-blooded, AC +6
a: Bend Time, Renounce Religion


You were on level 4 of the Dungeon.
You worshipped Cheibriados.
Cheibriados was pleased with you.
You were not hungry.

You visited 1 branch of the dungeon, and saw 4 of its levels.

You collected 191 gold pieces.


Innate Abilities, Weirdness & Mutations

Your plain brown scales are hard. (AC +6)
You cannot fit into any form of body armour.
You are cold-blooded and may be slowed by cold attacks.
You have large cloven feet.
Your body sometimes deteriorates upon taking damage.


   Skills:
 - Level 4.1 Fighting
 + Level 6.0 Maces & Flails
 - Level 2.6 Dodging
 - Level 3.0 Shields


You had 5 spell levels left.
You didn't know any spells.

Inventory:

Hand Weapons
 Y - a +1 flail (weapon)
Missiles
 t - 4 tomahawks (quivered)
Armour
 b - a +0 shield (worn)
Jewellery
 k - an uncursed ring of fire
 l - an amulet of regeneration (around neck)
 s - a +1 ring of evasion {unknown}
Wands
 p - a wand of random effects (29/48)
Scrolls
 e - a scroll of recharging
 j - a scroll of teleportation
Potions
 a - a potion of invisibility {unknown}
 c - a potion of might
 f - a potion of curing
 g - 3 potions of mutation
 h - a potion of degeneration {unknown}
 r - a potion of heal wounds {unknown}
Comestibles
 d - 3 bread rations
 n - 2 meat rations
 o - a royal jelly

Dungeon Overview and Level Annotations

Branches:
Dungeon (4/15)
 Temple: D:4-7

Altars:
Cheibriados
Dithmenos

Annotations:
D:4 FakerFangirl's ghost, novice DrFi


Message History

The black bear barely misses you.
You closely miss the black bear.
You kick the black bear, but do no damage.
The black bear is severely wounded.
You block the black bear's attack. The black bear claws you. x2
The black bear barely misses you. The black bear claws you.
The black bear closely misses you.
You hit the black bear.
You kick the black bear, but do no damage.
The black bear is severely wounded.
You block the black bear's attack. x2; The black bear barely misses you.
The black bear bites you!
Your body deteriorates!
You feel clumsy. The black bear claws you.
The black bear claws you but does no damage.
3223 ||| READING 2 scrolls of teleportation.
As you read the scroll of teleportation, it crumbles to dust.
You feel strangely unstable. The black bear bites you!
You die...

### #..## . .... ..
#.#h#### ...
#.#.@..####....
#.####......# #..#
##...###
######.####...####
#..................
#..................
#.............##...
#.............# >.
#.............#
....


You could see a black bear (berserk).

Vanquished Creatures
  A hound (D:4)
  An orc wizard (D:3)
  Jessica (D:2)
  A worker ant (D:4)
  8 adders
  3 oozes
  2 worms (D:2)
  3 dart slugs
  2 leopard geckos (D:1)
  9 orcs
  A ball python (D:2)
  10 bats
  A giant cockroach (D:1)
  3 goblins
  13 hobgoblins
  A quokka (D:2)
  5 frilled lizards
  A jackal skeleton (D:4)
  4 kobolds
  7 rats
77 creatures vanquished.

Notes
Turn   | Place    | Note
-------+----------+-------------------------------------------
     0 | D:1      | FakerFangirl the Draconian Fighter began the quest for the Orb.
     0 | D:1      | Reached XP level 1. HP: 19/19 MP: 1/1
     0 | D:1      | 0 ||| counter = 80
   129 | D:1      | Reached XP level 2. HP: 11/26 MP: 2/2
   383 | D:1      | Reached skill level 3 in Maces & Flails
   949 | D:1      | Reached XP level 3. HP: 31/31 MP: 3/3
  1030 | D:1      | 1030 ||| READING scroll labeled VEORER LUYN.
  1031 | D:1      | 1031 ||| READING scroll labeled FAADEKHL PEAM.
  1032 | D:1      | 1032 ||| READING scroll labeled KION LIESA.
  1033 | D:1      | 1033 ||| READING 2 scrolls labeled DUAKAIRASO.
  1038 | D:1      | 1038 ||| DRINKING 2 puce potions.
  1064 | D:1      | 1064 ||| DROPPING potion of berserk rage.
  1207 | D:2      | Found a shadowy altar of Dithmenos.
  1218 | D:2      | Found a snail-covered altar of Cheibriados.
  1223 | D:2      | Became a worshipper of Cheibriados the Contemplative
  1241 | D:2      | Found a faded altar of an unknown god.
  1446 | D:2      | Noticed Jessica
  1452 | D:2      | Killed Jessica
  1452 | D:2      | Reached skill level 4 in Maces & Flails
  1452 | D:2      | Reached XP level 4. HP: 38/38 MP: 4/4
  1753 | D:2      | 1753 ||| EATING royal jelly.
  2035 | D:2      | Reached skill level 5 in Maces & Flails
  2073 | D:2      | Reached * piety under Cheibriados
  2414 | D:2      | 2414 ||| READING scroll labeled UCWISM ZAUNLA.
  2415 | D:2      | 2415 ||| READING scroll of identify.
  2415 | D:2      | 2415 ||| IDENTIFYING blackened silver ring
  2494 | D:3      | Reached XP level 5. HP: 45/45 MP: 5/5
  2704 | D:3      | Reached ** piety under Cheibriados
  2730 | D:3      | 2730 ||| Stepping ~*~*~tactically~*~*~ (outnumbered).
  2871 | D:3      | Reached skill level 6 in Maces & Flails
  3033 | D:3      | 3033 ||| READING scroll labeled VUMAR VADY.
  3034 | D:3      | 3034 ||| READING scroll labeled ERCHESIF AGEVE.
  3035 | D:3      | 3035 ||| DRINKING 2 blue potions.
  3036 | D:3      | 3036 ||| DRINKING 2 purple potions.
  3036 | D:3      | Gained mutation: Your body sometimes deteriorates upon taking damage. [potion of mutation]
  3036 | D:3      | Gained mutation: Your muscles are strong. (Str +2) [potion of mutation]
  3036 | D:3      | Lost mutation: Your muscles are strong. (Str +2) [potion of mutation]
  3036 | D:3      | Gained mutation: You have large cloven feet. [potion of mutation]
  3037 | D:3      | 3037 ||| READING 2 scrolls of identify.
  3037 | D:3      | 3037 ||| IDENTIFYING dented bronze amulet
  3038 | D:3      | 3038 ||| UPGRADING to amulet of regeneration.
  3039 | D:3      | 3039 ||| READING scroll of identify.
  3039 | D:3      | 3039 ||| IDENTIFYING square cabochon amulet
  3040 | D:3      | 3040 ||| DROPPING cursed amulet of inaccuracy.
  3076 | D:4      | Noticed FakerFangirl's ghost (novice DrFi)
  3085 | D:4      | HP: 6/46 [FakerFangirl's ghost (12)]
  3086 | D:4      | 3086 ||| READING 3 scrolls of teleportation.
  3091 | D:4      | 3091 ||| READING 2 scrolls of teleportation.
  3092 | D:4      | HP: 9/46 [orc/tomahawk (1)]
  3170 | D:4      | Reached XP level 6. HP: 52/52 MP: 6/6
  3222 | D:4      | HP: 5/52 [black bear (10)]
  3223 | D:4      | 3223 ||| READING 2 scrolls of teleportation.
  3223 | D:4      | Slain by a black bear

Vault maps used:
D:1:      denvon_arrival_waterhouse, minmay_misc_feat_doors
D:2:      kennysheep_six_static_rooms, cheibriados_altar_1,
          nicolae_dithmenos_through_a_glass_darkly,
          chequers_ecumenical_altar_simple_redux, uniq_jessica
D:3:      saegor_snake_ambush
D:4:      first_bread

Skill      XL: |  1  2  3  4  5 |
---------------+----------------+-----
Maces & Flails | 3 4 5 6 |  6.0
Fighting       | 4 |  4.1
Dodging        | |  2.6
Shields        | |  3.0

Action                   |  1- 3 |  4- 6 || total
-------------------------+-------+-------++-------
Melee: Flail             |    79 |   179 ||   258
       Tailslap          |     9 |    25 ||    34
       Kick              |       |    16 ||    16
Throw: Tomahawk          |       |     8 ||     8
  Use: Scroll            |     4 |     9 ||    13
       Potion            |     1 |     2 ||     3
  Eat: Chunk             |     2 |     2 ||     4
       Royal jelly       |       |     1 ||     1
Armor: Skin              |    16 |    57 ||    73
Dodge: Dodged            |    26 |    72 ||    98
Block: Shield            |    30 |    85 ||   115
